 Dungeon Crawl Stone Soup version 0.24.1-14-gf8d2b509d9 (webtiles) character file.

Game seed: 6368096289353769787, levelgen mode: deterministic

84 billz999 the Conjurer (level 4, 0/30 HPs)
             Began as a Mummy Fire Elementalist on Dec 5, 2020.
             Killed from afar by an orc wizard (2 damage)
             ... with a puff of frost
             ... on level 4 of the Dungeon.
             The game lasted 00:07:17 (3611 turns).

billz999 the Conjurer (Mummy Fire Elementalist)     Turns: 3611, Time: 00:07:18

Health: 0/30       AC:  2    Str: 11    XL:     4   Next: 23%
Magic:  3/8        EV: 12    Int: 15    God:
Gold:   147        SH:  0    Dex: 12    Spells: 5/9 levels left

rFire    x . .     SeeInvis .   n - +3 dagger (venom)
rCold    + . .     Gourm    .   (no shield)
rNeg     + + +     Faith    .   a - +0 robe
rPois    ∞         Spirit   .   (no helmet)
rElec    .         Reflect  .   (no cloak)
rCorr    .         Harm     .   (no gloves)
MR       .....                  (no boots)
Stlth    ++........             (no amulet)
HPRegen  0.10/turn              (no ring)
MPRegen  0.11/turn              (no ring)

@: no status effects
A: no food or potions, fire vulnerability, cold resistance 1, negative energy
resistance 3, torment resistance, unbreathing
a: no special abilities


You were on level 4 of the Dungeon.
You were not hungry.

You visited 1 branch of the dungeon, and saw 4 of its levels.

You collected 147 gold pieces.

Inventory:

Hand Weapons
 m - a +0 dagger
 n - a +3 dagger of venom (weapon)
Missiles
 h - 48 stones (quivered)
 l - 5 curare-tipped darts
Armour
 a - a +0 robe (worn)
Jewellery
 b - an uncursed ring of resist corrosion {unknown}
 f - a cursed -3 ring of intelligence {unknown}
Scrolls
 c - 3 scrolls of magic mapping
 d - 4 scrolls of teleportation
 e - 2 scrolls of blinking
 g - a scroll of enchant weapon {unknown}
 i - a scroll of noise {unknown}
 j - a scroll of remove curse {unknown}
 k - a scroll of amnesia {unknown}


   Skills:
 - Level 1.5 Dodging
 - Level 1.5 Stealth
 + Level 3.0 Spellcasting
 + Level 3.1 Conjurations
 + Level 2.5 Fire Magic


You had 5 spell levels left.
You knew the following spells:

 Your Spells              Type           Power        Failure   Level  Hunger
a - Flame Tongue          Conj/Fire      ##...        6%          1    N/A
b - Conjure Flame         Conj/Fire      ##......     19%         3    N/A

Your spell library contained the following spells:

 Spells                   Type           Power        Failure   Level  Hunger
 Throw Flame              Conj/Fire      ##....       10%         2    N/A
 Inner Flame              Hex/Fire       #.......     34%         3    N/A
 Sticky Flame             Conj/Fire      ##......     52%         4    N/A
 Fireball                 Conj/Fire      ##........   86%         5    N/A

Dungeon Overview and Level Annotations

Branches:
Dungeon (4/15)
 Temple: D:4-7

Altars:
Ru
Yredelemnul

Annotations:
D:3 Grinder


Innate Abilities, Weirdness & Mutations

You do not eat or drink.
Your flesh is vulnerable to fire.
You are immune to poison.
Your flesh is cold resistant. (rC+)
You are immune to negative energy. (rN+++)
You are immune to unholy pain and torment.
You can survive without breathing.


Message History

An orc wizard comes into view. It is wielding a +0 dagger.
The orc wizard shouts!
An orc wizard comes into view. It is wielding a +0 dagger.
The orc wizard shouts!
An orc comes into view. It is wielding a +0 hand axe.
The orc shouts!
The orc hits you.
* * * LOW HITPOINT WARNING * * *
An orc comes into view. It is wielding a +0 dagger.
Found a stone staircase leading up.
The orc shouts!
The orc wizard barely misses you.
The orc wizard mumbles some strange words.
The orc wizard seems to speed up.
The orc wizard points at you and mumbles some strange words.
The magic dart hits you!
* * * LOW HITPOINT WARNING * * *
The orc wizard gestures at you while chanting.
The puff of frost hits you. You resist.
You die...

...##########..#.#,*,*********,,*
##.....a.$.....#.#,*,* *,,+
#######.#####.#.#,,,* *,,,
*.....,,..#.#**** *,,,
#.#.#######.# **** #.#.#* #.#
#,#..* #.########## *,##.**
#..o...o.o.#
*,**.,****#@########o#######
*,,,..............<#........
****#..####.########..o.####
****,,,,,,,,,...,,,.........o..
**********,,**#.#***##..###..###
***,,,,,****,**#.#**,....+_+....,
**,,,_,,,***,,*#.#*,.....**#..#.#
**,,,,,,,****,*#.#*..##..,,..<..#
*+**+**+* *,,*,**..*##*,,..####


You could see an orc wizard and an orc.

Vanquished Creatures
  3 adders
  2 worms (D:2)
  3 dart slugs
  7 bats
  3 giant cockroaches
  7 goblins
  4 hobgoblins
  2 jackals (D:3)
  4 kobolds
  A quokka (D:3)
  4 frilled lizards
  5 rats
45 creatures vanquished.

Notes
Turn   | Place    | Note
-------+----------+-------------------------------------------
     0 | D:1      | billz999 the Mummy Fire Elementalist began the quest for
                  | the Orb.
     0 | D:1      | Reached XP level 1. HP: 13/13 MP: 4/4
    57 | D:1      | Reached skill level 1 in Conjurations
   517 | D:1      | Reached XP level 2. HP: 19/19 MP: 2/5
  1816 | D:2      | Reached XP level 3. HP: 24/24 MP: 5/7
  2178 | D:2      | Learned a level 3 spell: Conjure Flame
  2317 | D:2      | Found a basalt altar of Yredelemnul.
  3048 | D:3      | Found a sacrificial altar of Ru.
  3098 | D:2      | Reached XP level 4. HP: 30/30 MP: 2/8
  3501 | D:3      | Noticed Grinder
  3501 | D:3      | Paralysed by Grinder for 5 turns
  3611 | D:4      | Killed from afar by an orc wizard

Levels and vault maps discovered:
D:1:      sevenhm_arrival_forest_fort_large_2, layout_loops_ring,
          corexii_hall_statues_deadend, serial_bayou_pond_e
D:2:      layout_rooms, yredelemnul_altar_generic, kennysheep_crisscross,
          hangedman_decor_riveting, grunt_ministairs_14,
          corexii_leaking_fountain
D:3:      layout_basic, ashenzari_conservatory_becter, lemuel_crystal_altar,
          nicolae_underground_beach, uniq_sigmund, uniq_grinder
D:4:      layout_basic, kennysheep_mini_moat, minivault_11, chequers_jeans,
          minivault_25, dk_xom_monty_hall

Skill      XL: |  1  2  3  4 |
---------------+-------------+-----
Conjurations   | 1 2 3 |  3.1
Spellcasting   | 3 |  3.0
Dodging        | |  1.5
Stealth        | |  1.5
Fire Magic     | |  2.5

Action                   |  1- 3 |  4- 6 || total
-------------------------+-------+-------++-------
Melee: Unarmed           |     5 |       ||     5
       Dagger            |       |     4 ||     4
Throw: Stone             |     1 |       ||     1
 Cast: Flame Tongue      |    74 |     9 ||    83
       Conjure Flame     |     2 |     3 ||     5
  Use: Scroll            |       |     4 ||     4
 Stab: Sleeping          |       |     2 ||     2
Armor: Robe              |     7 |     3 ||    10
Dodge: Dodged            |    23 |    13 ||    36
